 Dungeon Crawl Stone Soup version 0.29-a0-559-g359e09b9d1 (webtiles) character file.

Game seed: 6696823751691653589

51 spiderkeys the Ducker (level 3, -1/22 HPs)
             Began as a Deep Elf Abyssal Knight on June 10, 2022.
             Was a Believer of Lugonu.
             Succumbed to an adder's poison
             ... on level 2 of the Dungeon.
             The game lasted 00:02:09 (1789 turns).

spiderkeys the Ducker (Deep Elf Abyssal Knight)     Turns: 1789, Time: 00:02:10

Health: -1/22      AC:  5    Str: 10    XL:     3   Next: 57%
Magic:  7/7        EV: 11    Int: 16    God:    Lugonu [**....]
Gold:   72         SH:  0    Dex: 15    Spells: 5/5 levels left

rFire   + . .      SeeInvis .   k - +0 rapier
rCold   . . .      Faith    .   (no shield)
rNeg    . . .      Spirit   .   g - +0 ring mail
rPois   .          Reflect  .   (no helmet)
rElec   .          Harm     .   (no cloak)
rCorr   .          Rampage  .   (no gloves)
Will    .....                   (no boots)
Stlth   +.........              (no amulet)
HPRegen 0.07/turn               F - ring of protection from fire
MPRegen 0.10/turn               (no ring)

@: brilliant, lethally poisoned (-1 -> -14), hasted, very quick
A: no striking features
a: Renounce Religion, Depart the Abyss, Bend Space


You were on level 2 of the Dungeon.
You worshipped Lugonu.
Lugonu was pleased with you.
You visited 1 branch of the dungeon, and saw 2 of its levels.
You visited the Abyss 1 time.

You collected 72 gold pieces.


   Skills:
 + Level 2.8 Fighting
 - Level 2.0 Short Blades
 - Level 0.7 Armour
 + Level 3.2 Dodging
 + Level 1.9 Spellcasting
 + Level 2.7 Invocations


You had 5 spell levels left.
You didn't know any spells.
Your spell library was empty.

Inventory:

Hand Weapons
 a - a +1 short sword
 k - a +0 rapier (weapon)
   (You found it on level 1 of the Dungeon)
Missiles
 c - 25 stones
Armour
 b - a +0 leather armour
 g - a +0 ring mail (worn)
   (You found it on level 1 of the Dungeon)
Jewellery
 F - a ring of protection from fire (left hand)
   (You found it on level 2 of the Dungeon)
Scrolls
 f - a scroll of identify {@r1}
 h - a scroll of poison {!r}
 i - 2 scrolls of amnesia
Potions
 d - a potion of ambrosia {unknown}

Dungeon Overview and Level Annotations

Branches:
Dungeon (2/15)

Altars:

#..... #....#
#....####.#
#...(.....###
#.....#......
#...[.#......
#..)..#........##
#....@S.........#
#....#.####.....#
#...............#
.#...##†####.....#
#......[.####.....#
.....#.............#
.....########......#
..... #.#.#### ....
#.# #


You could see an adder.


Message History

You take 1 damage, and now have 21/22 hp.
You closely miss the giant cockroach. The giant cockroach barely misses you.
You hit the giant cockroach.
You kill the giant cockroach!
Lugonu accepts your kill.
No target in view!
Your library has no spells.
Unknown command.
Found a stone staircase leading up. 😎 HP[+1]
Your hp is fully restored (22).
Found a stone staircase leading down.
There is a stone staircase leading up here.
There is a stone staircase leading up here.
A bat comes into view.
The bat hits you but does no damage.
You hit the bat.
You kill the bat!
Lugonu accepts your kill.
No target in view!
No target in view!
An adder and a rat come into view.
The rat moves out of view.
An adder is nearby!
A giant cockroach comes into view.
You hit the rat.
You kill the rat!
Lugonu accepts your kill.
You completely miss the adder. The adder misses you.
The adder bites you but does no damage.
You hit the adder. The adder bites you. 😕 HP[-2]
You take 2 damage, and now have 20/22 hp.
You barely miss the adder. The adder bites you but does no damage.
The adder closely misses you.
You miss the adder. You punch the adder, but do no damage.
The adder barely misses you.
You closely miss the adder. The adder bites you but does no damage.
The adder closely misses you. 😕 HP[+1]
You puncture the adder!
You kill the adder!
Lugonu accepts your kill.
You hit the giant cockroach.
You kill the giant cockroach!
Lugonu accepts your kill.
No target in view!
No target in view!
A kobold comes into view. It is wielding a +0 club.
The kobold throws a stone.
The stone hits you but does no damage.
You see here an adder corpse.
An adder comes into view.
The adder hisses angrily.
The adder moves out of view.
The kobold hits you but does no damage.
You hit the kobold.
You kill the kobold!
Lugonu accepts your kill. The adder barely misses you.
You miss the adder.
The adder bites you but does no damage. 😎 HP[+1]
Your hp is fully restored (22).
You closely miss the adder. The adder bites you.
You are poisoned.
The adder poisons you!
The adder bites you but does no damage. 😕 HP[-2]
You take 2 damage, and now have 20/22 hp.
You completely miss the adder.
You feel sick.
The adder bites you but does no damage. 😕 HP[-2]
You take 2 damage, and now have 18/22 hp.
You closely miss the adder.
You feel sick. The adder bites you.
You are more poisoned.
The adder poisons you! 😮 HP[-4]
You take 4 damage, and now have 14/22 hp.
You closely miss the adder.
You feel sick. The adder bites you but does no damage.
The adder barely misses you. 😮 HP[-2]
You take 2 damage, and now have 12/22 hp.
You miss the adder.
You feel sick.
The adder bites you but does no damage. 😨 HP[-2]
You take 2 damage, and now have 10/22 hp.
You closely miss the adder.
You feel sick. The adder bites you.
* * * LOW HITPOINT WARNING * * *
You are lethally poisoned!
The adder poisons you!
The adder bites you but does no damage. 😨 HP[-4]
You take 4 damage, and now have 6/22 hp.
It was a potion of brilliance.
You feel clever all of a sudden.
* * * LOW HITPOINT WARNING * * *
You feel sick. The adder bites you.
* * * LOW HITPOINT WARNING * * *
You are more poisoned.
The adder poisons you! 😱 HP[-4]
You take 4 damage, and now have 2/22 hp.
It was a potion of haste.
You feel yourself speed up.
You die...

Skill      XL: |  1  2 |
---------------+-------+-----
Spellcasting   | 1 |  1.9
Dodging        | 3 |  3.2
Fighting       | |  2.8
Short Blades   | |  2.0
Armour         | |  0.7
Invocations    | |  2.7

Action                   || total
-------------------------++-------
Melee: Short sword       ||    61
       Rapier            ||    53
       Punch             ||     1
Invok: Depart the Abyss  ||     1
  Use: Scroll            ||     2
       Potion            ||     2
Armor: Leather armour    ||     5
       Ring mail         ||    35
Dodge: Dodged            ||    62

Levels and vault maps discovered:
D:1:      erik_arrival_orb_chamber, layout_loops_ring, bh_walls_and_bars
D:2:      layout_basic, patterned_corridor

Notes
Turn   | Place    | Note
-------+----------+-------------------------------------------
     0 | Abyss:1  | spiderkeys the Deep Elf Abyssal Knight began the quest for
                  | the Orb.
     0 | Abyss:1  | Reached XP level 1. HP: 13/13 MP: 4/4
     0 | Abyss:1  | magus.rc [v1.11.3]
    43 | D:1      | You pass through the gate.
    43 | D:1      | Escaped the Abyss
   209 | D:1      | Reached ** piety under Lugonu
   364 | D:1      | Reached XP level 2. HP: 7/18 MP: 5/5
   556 | D:1      | Reached skill level 1 in Spellcasting
  1155 | D:1      | Reached skill level 3 in Dodging
  1203 | D:1      | Reached XP level 3. HP: 12/22 MP: 7/7
  1788 | D:2      | HP: 4/22 [poisoned by an adder]
  1789 | D:2      | Succumbed to an adder's poison

Vanquished Creatures
  An adder (D:2)
  3 bats
  An endoplasm (D:1)
  4 giant cockroaches
  5 goblins (D:1)
  4 hobgoblins (D:1)
  4 jackals (D:1)
  3 quokkas (D:1)
  A ball python (D:1)
  9 kobolds
  2 rats
37 creatures vanquished.

Table legend:
 A = Non-vault XP
 B = Vault XP
 C = Vault XP percentage of total XP
 D = Non-vault monster count
 E = Vault monster count
 F = Vault count percentage of total count
                 A         B        C        D         E       F
            +---------+---------+-------+---------+---------+-------
      Total |      73 |       0 |   0.0 |      37 |       0 |   0.0
            +---------+---------+-------+---------+---------+-------
        D:1 |      49 |       0 |   0.0 |      30 |       0 |   0.0
        D:2 |      24 |       0 |   0.0 |       7 |       0 |   0.0
            +---------+---------+-------+---------+---------+-------

Illustrated notes

Table legend:
 A = Kills in this place as a percentage of kills in entire the game.
 B = Kills by you in this place as a percentage of kills by you in the entire game.
 C = Kills by friends in this place as a percentage of kills by friends in the entire game.
 D = Other kills in this place as a percentage of other kills in the entire game.
 E = Experience gained in this place as a percentage of experience gained in the entire game.
 F = Experience gained in this place divided by the number of levels of this place that you have seen.
                   A       B       C       D       E      F
               +-------+-------+-------+-------+-------+----------------------
         Total | 100.0 | 100.0 |   N/A |   N/A | 100.0 |  24.3
       Dungeon | 100.0 | 100.0 |   N/A |   N/A | 100.0 |  36.5
               +-------+-------+-------+-------+-------+----------------------

Table legend: (Time is in decaauts)
 A = Elapsed time spent in this place.
 B = Non-inter-level travel time spent in this place.
 C = Inter-level travel time spent in this place.
 D = Time resting spent in this place.
 E = Time spent auto-exploring this place.
 F = Levels seen in this place.
 G = Mean time per level.
                   A        B        C        D        E       F      G
               +--------+--------+--------+--------+--------+-----+--------+
         Total |   1792 |   1776 |     16 |    241 |   1275 |   3 |  597.3 |
       Dungeon |   1749 |   1733 |     16 |    241 |   1234 |   2 |  874.5 |
         Abyss |     43 |     43 |      0 |      0 |     41 |   1 |   43.0 |
               +--------+--------+--------+--------+--------+-----+--------+

Top non-repeatable levels by time:
     D:1: 1610 daAuts
     D:2: 139 daAuts
 Abyss:1: 43 daAuts
